 Dungeon Crawl Stone Soup version 0.27-a0-681-g0c81a3c1c3 (webtiles) character file.

Game seed: 10845523834079113000

11 jasper the Insei (level 2, 0/21 HPs)
             Began as a Demonspawn Transmuter on Mar 19, 2021.
             Slain by a quokka (2 damage)
             ... on level 1 of the Dungeon.
             The game lasted 00:00:47 (498 turns).

jasper the Insei (Demonspawn Transmuter)             Turns: 498, Time: 00:00:48

Health: 0/21       AC:  2    Str: 10    XL:     2   Next: 17%
Magic:  5/5        EV: 12    Int: 14    God:
Gold:   0          SH:  0    Dex: 13    Spells: 4/5 levels left

rFire    . . .     SeeInvis .     - Unarmed
rCold    . . .     Faith    .   (no shield)
rNeg     . . .     Spirit   .   a - +0 robe
rPois    .         Reflect  .   (helmet currently unavailable)
rElec    .         Harm     .   (no cloak)
rCorr    .         Rampage  .   (no gloves)
Will     .....                  (boots currently unavailable)
Stlth    +.........             (no amulet)
HPRegen  0.07/turn              (no ring)
MPRegen  0.09/turn              (no ring)

@: appendages (expiring)
A: talons 2, antennae 1
a: End Transformation


You were on level 1 of the Dungeon.
You had temporarily grown beastly talons.
You visited 1 branch of the dungeon, and saw 1 of its levels.

Inventory:

Armour
 a - a +0 robe (worn)


   Skills:
 - Level 1.0 Fighting
 - Level 1.7 Dodging
 + Level 3.3 Unarmed Combat
 - Level 2.0 Spellcasting
 - Level 1.7 Transmutations


You had 4 spell levels left.
You knew the following spells:

 Your Spells              Type           Power      Damage    Failure   Level
a - Beastly Appendage     Tmut           12%        N/A       12%         1

Your spell library contained the following spells:

 Spells                   Type           Power      Damage    Failure   Level
 Wereblood                Tmut           6%         N/A       17%         2
 Spider Form              Tmut/Pois      1%         N/A       45%         3
 Ice Form                 Ice/Tmut       3%         N/A       86%         4
 Blade Hands              Tmut           3%         N/A       97%         5


Dungeon Overview and Level Annotations

Branches:
Dungeon (1/15)

Altars:

Shops:
D:1 *


Innate Abilities, Weirdness & Mutations

You have temporarily grown beastly talons.
You have a pair of small antennae on your head.


Message History

You take 2 damage, and have 19/21 hp.
You hit the kobold but do no damage. Your kick misses the kobold.
Your transformation is almost over.
The kobold hits you with a +0 short sword.
You take 3 damage, and have 16/21 hp.
You barely miss the kobold. Your kick misses the kobold. The quokka bites you.
The kobold hits you with a +0 short sword.
You take 7 damage, and have 9/21 hp.
MASSIVE DAMAGE!!
You barely miss the kobold. Your kick misses the kobold.
The quokka closely misses you. The kobold barely misses you.
You hit the kobold.
The kobold is heavily wounded.
The quokka closely misses you.
The kobold hits you with a +0 short sword.
* * * LOW HITPOINT WARNING * * *
You take 3 damage, and have 6/21 hp.
You hit the kobold.
You kill the kobold!
The quokka bites you.
* * * LOW HITPOINT WARNING * * *
The quokka closely misses you.
You take 1 damage, and have 5/21 hp.
You hit the ooze. You claw the ooze.
The ooze is severely wounded.
The quokka misses you. The ooze hits you.
* * * LOW HITPOINT WARNING * * *
You take 1 damage, and have 4/21 hp.
You barely miss the ooze.
The ooze is severely wounded.
The quokka twitches its whiskers.
The quokka bites you.
* * * LOW HITPOINT WARNING * * *
The ooze hits you.
* * * LOW HITPOINT WARNING * * *
You take 2 damage, and have 2/21 hp.
MP restored: 5 You hit the ooze.
The ooze is almost dead.
The quokka bites you.
You die...

§.......##### ..P######
.. ##### #.. ....# #..
....# .... #.. ....#
..... ##.#
....#.......#?.. .#
....#.......#..####...#
....#......$#..J@r....#
##### ......##.########
########..............
......................
............)..∩......
......................
......................
....................##
..........####+######


You could see an ooze and a quokka.

Vanquished Creatures
  A leopard gecko (D:1)
  A giant cockroach (D:1)
  4 jackals (D:1)
  A kobold (D:1)
  A bat (D:1)
  A rat (D:1)
9 creatures vanquished.

Notes
Turn   | Place    | Note
-------+----------+-------------------------------------------
     0 | D:1      | jasper the Demonspawn Transmuter began the quest for the
                  | Orb.
     0 | D:1      | Reached XP level 1. HP: 15/15 MP: 3/3
   124 | D:1      | Reached skill level 3 in Unarmed Combat
   150 | D:1      | Lost mutation: You have a pair of horns on your head.
                  | [demonic ancestry]
   150 | D:1      | Lost mutation: You have a pair of small horns on your head.
                  | [demonic ancestry]
   150 | D:1      | Gained mutation: You have a pair of small antennae on your
                  | head. [demonic ancestry]
   150 | D:1      | Reached XP level 2. HP: 10/21 MP: 3/5
   474 | D:1      | Found Koocihos's Assorted Antiques.
   498 | D:1      | Slain by a quokka

Illustrated notes

Levels and vault maps discovered:
D:1:      dpeg_arrival_water_fire, layout_basic, serial_shops, shop

Skill      XL: |  1 |
---------------+----+-----
Unarmed Combat | 3 |  3.3
Fighting       | |  1.0
Dodging        | |  1.7
Spellcasting   | |  2.0
Transmutations | |  1.7

Action                   || total
-------------------------++-------
Melee: Unarmed           ||    31
       Kick              ||     5
       Headbutt          ||     2
       Punch             ||     1
 Cast: Beastly Appendage ||     4
Armor: Robe              ||     4
Dodge: Dodged            ||    23

Table legend: (Time is in decaauts)
 A = Elapsed time spent in this place.
 B = Non-inter-level travel time spent in this place.
 C = Inter-level travel time spent in this place.
 D = Time resting spent in this place.
 E = Time spent auto-exploring this place.
 F = Levels seen in this place.
 G = Mean time per level.
                   A        B        C        D        E       F      G
               +--------+--------+--------+--------+--------+-----+--------+
         Total |    496 |    496 |      0 |    217 |    187 |   1 |  496.0 |
       Dungeon |    496 |    496 |      0 |    217 |    187 |   1 |  496.0 |
               +--------+--------+--------+--------+--------+-----+--------+

Top non-repeatable levels by time:
     D:1: 496 daAuts
